 Dungeon Crawl Stone Soup version 0.31.0-1-g2c135a0 (webtiles) character file.

Game seed: 3493650876441064729

12106 brinewave the Grappler (level 11, -16/109 HPs)
             Began as a Troll Alchemist on Jan 24, 2024.
             Was a Believer of Qazlal.
             Demolished by a skeletal warrior
             ... wielding a +0 dire flail
              (17 damage)
             ... on level 9 of the Dungeon.
             The game lasted 00:24:12 (8214 turns).

brinewave the Grappler (Troll Alchemist)            Turns: 8214, Time: 00:24:12

Health: -16/109    AC:  7    Str: 22    XL:     11   Next: 58%
Magic:  8/11       EV:  9    Int: 17    God:    Qazlal [**....]
Gold:   540        SH: 16    Dex: 10    Spells: 11/12 levels left

rFire   . .          .
                       - Unarmed
rCold   . . .        q - +0 tower shield
rNeg    . . .        J - +0 steam dragon scales
rPois   .            (helmet restricted)
rElec   .            (no cloak)
rCorr   .            (gloves unavailable)
SInv    .            (boots unavailable)
Will    .....        o - amulet of regeneration
Stlth   +            m - +6 ring of intelligence
HPRegen 1.98/turn    n - +4 ring of slaying
MPRegen 0.12/turn

%: no passive effects
@: no status effects
A: large, unfitting armour, claws 3, regeneration 1, shaggy fur 1, tough skin 1
a: Renounce Religion, Upheaval


You were on level 9 of the Dungeon.
You worshipped Qazlal.
Qazlal was pleased with you.
You visited 2 branches of the dungeon, and saw 10 of its levels.

You collected 540 gold pieces.

Inventory:

Missiles
 d - a throwing net
 j - 106 stones
 k - 24 large rocks (quivered)
 y - 10 poisoned darts
 G - 5 boomerangs
Armour
 q - a +0 tower shield (worn)
 J - +0 steam dragon scales (worn)
Jewellery
 i - an amulet of the acrobat
 m - a +6 ring of intelligence (left claw)
 n - a +4 ring of slaying (right claw)
 o - an amulet of regeneration (around neck)
Wands
 A - a wand of iceblast (7)
 H - a wand of paralysis (2)
 I - a wand of flame (1)
 K - a wand of light (14)
Scrolls
 h - a scroll of revelation
 p - a scroll of brand weapon {unknown}
 r - a scroll of fog
 u - 2 scrolls of teleportation
 v - a scroll of poison {unknown}
 x - a scroll of enchant armour {unknown}
 z - a scroll of immolation {unknown}
 B - a scroll of fear {unknown}
 F - a scroll of enchant weapon {unknown}
Potions
 b - a potion of magic
 c - 2 potions of might
 e - 6 potions of curing
 f - 3 potions of heal wounds
 g - 2 potions of mutation
 l - a potion of degeneration {unknown}
 s - a potion of lignification {unknown}
 t - a potion of invisibility {unknown}
 w - a potion of ambrosia {unknown}
 C - 2 potions of haste
 D - a potion of enlightenment {unknown}
 E - a potion of brilliance {unknown}


   Skills:
 + Level 7.0 Fighting
 + Level 7.5 Throwing
 + Level 7.3 Dodging
 - Level 1.0 Stealth
 + Level 7.4 Shields
 + Level 8.4 Unarmed Combat
 - Level 1.2 Spellcasting
 - Level 0.6 Conjurations
 - Level 2.1 Alchemy


You had 11 spell levels left.
You knew the following spells:

 Your Spells              Type           Power      Damage    Failure   Level
a - Sting                 Conj/Alch      20%        1d4       50%         1

Your spell library contained the following spells:

 Spells                   Type           Power      Damage    Failure   Level
 Magic Dart               Conj           12%        1d3       61%         1
 Mercury Vapours          Alch/Air       8%         N/A       67%         2
 Blink                    Tloc           2%         N/A       83%         2
 Call Imp                 Summ           2%         N/A       83%         2
 Mephitic Cloud           Conj/Alch/Air  4%         N/A       90%         3
 Olgreb's Toxic Radiance  Alch           8%         N/A       98%         4
 Sticky Flame             Fire/Alch      4%         2d4       99%         4


Dungeon Overview and Level Annotations

Branches:
Dungeon (9/15)             Temple (1/1) D:6
   Lair: D:8-11         Orc: D:9-12

Altars:
Ashenzari
Cheibriados
Dithmenos
Elyvilon
Fedhas
Gozag
Hepliaklqana
Kikubaaqudgha
Makhleb
Nemelex Xobeh
Okawaru
Qazlal
Ru
Sif Muna
Trog
Uskayaw
Vehumet
Wu Jian
Xom
Yredelemnul
Zin
The Shining One

Shops:
D:5 :


Innate Abilities, Weirdness & Mutations

You are too large for most types of armour.
You have claws for hands.
Your natural rate of healing is unusually fast.
You are covered in fur. (AC +1)
You have tough skin. (AC +1)


Message History

The five-headed hydra bites you! x2
The five-headed hydra bites you but does no damage.
The troll changes into a queen bee!
The five-headed hydra attacks as it pursues you!
You block the five-headed hydra's attack. x2
The five-headed hydra bites you but does no damage.
The five-headed hydra bites you. The five-headed hydra bites you!
Aiming: Upheaval
Press: ? - help, Dir - move target, p - queen bee A storm cloud blasts the area with cutting wind!
You tear one of the five-headed hydra's heads off!
The four-headed hydra grows two more!
You claw the six-headed hydra!
The six-headed hydra is heavily wounded.
The six-headed hydra bites you but does no damage.
The six-headed hydra completely misses you.
The six-headed hydra bites you! The six-headed hydra bites you.
The six-headed hydra bites you but does no damage.
The six-headed hydra barely misses you.
You tear one of the six-headed hydra's heads off!
The five-headed hydra grows two more!
You claw the seven-headed hydra!
The seven-headed hydra is heavily wounded.
The seven-headed hydra bites you! The seven-headed hydra bites you.
* * * LOW HITPOINT WARNING * * *
The seven-headed hydra closely misses you.
The seven-headed hydra bites you.
* * * LOW HITPOINT WARNING * * *
The seven-headed hydra barely misses you.
You block the seven-headed hydra's attack.
The seven-headed hydra bites you.
* * * LOW HITPOINT WARNING * * *
The seven-headed hydra bites you.
* * * LOW HITPOINT WARNING * * *
The seven-headed hydra barely misses you.
You block the seven-headed hydra's attack. x3
The seven-headed hydra bites you.
* * * LOW HITPOINT WARNING * * *
The seven-headed hydra bites you!
* * * LOW HITPOINT WARNING * * *
The skeletal warrior hits you with a +0 dire flail!
You die...

#..###..............#...#
..#..C.###............#...#
#|).(....###......##..#...#
#....#.#C..###...###..#...#
#..###..##.y.###......#...# .
)#..##..##.###.##+##..# #
........W......#..##..# #..#
#:#.....#cDz..#........#
###..###.##....#@..#........#
..###..#.....##..ยง##.#..##..#
#...###....###...###.#..##..#
###...##...)....## #.#......#
# #.....######...###........#
# ##.##...#####...##........#
# #...#....####...#.######## #
#..........###..#........ #
#............###.........


You could see a seven-headed hydra, a skeletal warrior, a centaur warrior, a
cyclops, a queen bee shaped shifter and a wraith.

Vanquished Creatures
  3 two-headed ogres
  A deep elf pyromancer (D:7)
  Pikel (D:5)
  An ugly thing (D:7)
  3 cyclopes (D:7)
  A gargoyle (D:8)
  2 trolls (D:7)
  Grinder (D:5)
  Prince Ribbit (D:8)
  A wraith (D:9)
  A wyvern (D:9)
  4 yaks (D:9)
  Eustachio (D:5)
  Menkaure (D:5)
  4 steam dragons
  An acid dragon (D:9)
  2 water moccasins
  4 orc warriors
  4 ice beasts (D:6)
  2 sky beasts (D:7)
  2 black bears (D:7)
  6 ogres
  3 centaurs
  A lemure (D:5)
  2 kobold brigands (D:3)
  6 bullfrogs
  A gnoll sergeant (D:7)
  5 scorpions
  8 wights (D:8)
  10 killer bees
  A howler monkey (D:7)
  A bombardier beetle (D:7)
  A crimson imp (D:7)
  4 jellies
  6 orc priests
  7 hounds
  2 sleepcaps (D:7)
  6 iguanas
  11 orc wizards
  11 gnolls
  11 adders
  2 shadow imps (D:7)
  4 dart slugs
  5 ribbon worms
  25 orcs
  4 bats
  5 endoplasms
  A giant cockroach (D:4)
  3 goblins
  7 hobgoblins
  3 quokkas
  12 ball pythons
  3 frilled lizards
  13 kobolds
  3 rats
234 creatures vanquished.

Vanquished Creatures (others)
  A hobgoblin (D:4)
1 creature vanquished.

Grand Total: 235 creatures vanquished

Notes
Turn   | Place    | Note
-------+----------+-------------------------------------------
     0 | D:1      | brinewave the Troll Alchemist began the quest for the Orb.
     0 | D:1      | Reached XP level 1. HP: 16/16 MP: 1/1
    81 | D:1      | Reached XP level 2. HP: 26/26 MP: 2/2
   146 | D:1      | Reached skill level 1 in Unarmed Combat
   463 | D:1      | Reached skill level 1 in Fighting
   688 | D:2      | Reached XP level 3. HP: 33/33 MP: 3/3
   844 | D:2      | Reached XP level 4. HP: 41/41 MP: 4/4
   883 | D:2      | Reached skill level 1 in Throwing
  1223 | D:2      | Found a faded altar of an unknown god.
  1567 | D:3      | Reached skill level 2 in Unarmed Combat
  2099 | D:3      | Reached XP level 5. HP: 45/49 MP: 5/5
  2129 | D:3      | Reached skill level 1 in Shields
  2140 | D:3      | Reached XP level 6. HP: 57/57 MP: 6/6
  2552 | D:3      | Reached skill level 3 in Unarmed Combat
  2704 | D:4      | Reached XP level 7. HP: 66/66 MP: 7/7
  2970 | D:5      | Entered Level 5 of the Dungeon
  3028 | D:5      | Noticed Menkaure
  3035 | D:5      | Killed Menkaure
  3120 | D:5      | Reached skill level 4 in Unarmed Combat
  3242 | D:5      | Reached XP level 8. HP: 70/75 MP: 8/8
  3347 | D:5      | Noticed Eustachio
  3365 | D:5      | Killed Eustachio
  3407 | D:5      | Noticed Grinder
  3420 | D:5      | Killed Grinder
  3445 | D:5      | Found Tuohoh's Self-Improvement Boutique.
  3470 | D:5      | Noticed Pikel
  3481 | D:5      | Killed Pikel
  3482 | D:5      | Reached skill level 5 in Unarmed Combat
  3482 | D:5      | Reached XP level 9. HP: 45/84 MP: 9/9
  4179 | D:6      | Reached skill level 5 in Dodging
  4229 | D:6      | Found a staircase to the Ecumenical Temple.
  4314 | Temple   | Entered the Ecumenical Temple
  4341 | Temple   | Became a worshipper of Qazlal Stormbringer
  4608 | D:6      | Reached skill level 5 in Throwing
  4639 | D:6      | Noticed a +0 short sword
  4639 | D:6      | Noticed a +0 short sword
  4640 | D:6      | Noticed a +0 falchion
  4640 | D:6      | Noticed a +0 spear
  4641 | D:6      | Noticed a +0 spear
  4642 | D:6      | Noticed a +0 falchion
  4644 | D:6      | Noticed a +0 dagger
  4645 | D:6      | Noticed a +0 dagger
  4658 | D:6      | Found a hide-covered altar of Uskayaw.
  5062 | D:7      | Reached skill level 5 in Shields
  5279 | D:7      | Reached skill level 5 in Fighting
  5279 | D:7      | Reached skill level 6 in Unarmed Combat
  5549 | D:7      | Found a sacrificial altar of Ru.
  5914 | D:7      | Reached XP level 10. HP: 96/96 MP: 10/10
  5943 | D:7      | Reached * piety under Qazlal
  6055 | D:7      | Noticed a white ugly thing
  6056 | D:7      | Identified the +5 short sword of the Eleven Planets {holy,
                  | rElec MP-9 Dex+2}
  6068 | D:7      | Killed a white ugly thing
  6136 | D:7      | Noticed a cyclops
  6146 | D:7      | Killed a cyclops
  6181 | D:7      | Noticed a cyclops
  6184 | D:7      | Noticed a two-headed ogre
  6188 | D:7      | Killed a cyclops
  6189 | D:7      | Reached skill level 7 in Unarmed Combat
  6197 | D:7      | Killed a two-headed ogre
  6241 | D:7      | Noticed a deep elf pyromancer
  6241 | D:7      | Noticed a cyclops
  6255 | D:7      | Killed a deep elf pyromancer
  6285 | D:7      | Killed a cyclops
  6430 | D:7      | Reached XP level 11. HP: 102/106 MP: 11/11
  6524 | D:7      | Found a burning altar of Makhleb.
  6525 | D:7      | Found a radiant altar of Vehumet.
  6645 | D:8      | Noticed Prince Ribbit
  6658 | D:8      | Killed Prince Ribbit
  6681 | D:8      | Found a shimmering blue altar of Sif Muna.
  6681 | D:8      | Found a shadowy altar of Dithmenos.
  6685 | D:8      | Found an ancient bone altar of Kikubaaqudgha.
  6686 | D:8      | Noticed a two-headed ogre
  6690 | D:8      | Found an opulent altar of Gozag.
  6703 | D:8      | Killed a two-headed ogre
  6727 | D:8      | Reached ** piety under Qazlal
  7016 | D:8      | Found the +6 shillelagh "Devastator" {shatter}
  7016 | D:8      | Noticed a two-headed ogre
  7022 | D:8      | Killed a two-headed ogre
  7045 | D:8      | Reached skill level 8 in Unarmed Combat
  8199 | D:9      | Noticed a five-headed hydra
  8199 | D:9      | Noticed a centaur warrior
  8200 | D:9      | Noticed a skeletal warrior
  8201 | D:9      | Noticed a centaur warrior
  8214 | D:9      | HP: 1/109 [seven-headed hydra (7)]
  8214 | D:9      | Demolished by a skeletal warrior

Illustrated notes

Levels and vault maps discovered:
D:1:      spicycebolla_green_bress_n_ham_2, layout_basic
D:2:      layout_loops_ring, shapermc_ecumenical_altar_flowoftime,
          minmay_tetromino_s4
D:3:      cheibrodos_thug_alley, layout_basic
D:4:      layout_cave_pools, nicolae_wormholes
D:5:      layout_basic, nicolae_shop_self_help, uniq_grinder, uniq_eustachio,
          uniq_pikel, uniq_menkaure
D:6:      layout_loops_corners, nicolae_uskayaw_en_pointe, temple_pool_b,
          serial_co_window_serial, co_window_paths_b,
          co_window_of_opportunity_a, co_window_of_opportunity_a,
          co_window_paths_b, co_window_paths_a, co_window_broadway_c,
          co_window_broadway_a, co_window_corner_cb, co_window_broadway_c,
          co_window_unsneaky_path_b, co_window_corner_b, glass_columns_a,
          glass_columns_a, glass_columns_b, glass_columns_a, glass_columns_b
D:7:      nzn_winding_woodlands_stair_cross [nzn_winding_woodlands_5x15_cabin,
          nzn_winding_woodlands_center_lodge, nzn_winding_woodlands_5x15_pool,
          nzn_winding_woodlands_5x5_default, nzn_winding_woodlands_5x5_three,
          nzn_winding_woodlands_5x15_jagged,
          nzn_winding_woodlands_center_triple_pond,
          nzn_winding_woodlands_5x15_sidewinder], layout_basic,
          grunt_temple_overflow_lords_of_destruction, amcnicky_altar_gilded
D:8:      layout_cave_pods, nicolae_overflow_macrodata_refinement,
          minmay_misc_feat_enclosed, dilly_guarded_unrand_devastator,
          uniq_prince_ribbit1
D:9:      minmay_the_grid_triangle_9x9_rhombus_thin_mashed
          [minmay_the_grid_triangle_9x9_windchime,
          minmay_the_grid_triangle_9x9_prize_schism,
          minmay_the_grid_triangle_9x9_sprig,
          minmay_the_grid_triangle_9x9_swiss_cheese], layout_gridville,
          uniq_amaemon
Temple:   nicolae_temple_bog_church

Skill      XL: |  1  2  3  4  5  6  7  8  9 10 11 |
---------------+----------------------------------+-----
Unarmed Combat | 1 2 3 4 5 6 7 8 |  8.4
Dodging        | 2 3 4 5 6 7 |  7.3
Fighting       | 1 2 3 4 5 6 7 |  7.0
Throwing       | 1 2 3 4 5 6 7 |  7.5
Shields        | 1 2 3 4 5 6 7 |  7.4
Stealth        | |  1.0
Spellcasting   | |  1.2
Conjurations   | |  0.6
Alchemy        | |  2.1

Action                     |  1- 3 |  4- 6 |  7- 9 | 10-12 || total
---------------------------+-------+-------+-------+-------++-------
  Melee: Unarmed           |    82 |   140 |   262 |   277 ||   761
         Punch             |     1 |     1 |       |       ||     2
  Throw: Large rock        |     1 |       |     1 |     7 ||     9
         Dart              |       |       |       |     2 ||     2
   Cast: Sting             |       |       |     1 |       ||     1
 Invoke: Upheaval          |       |       |       |     1 ||     1
    Use: Scroll            |       |     2 |     4 |     4 ||    10
         Potion            |       |       |       |     1 ||     1
   Stab: Sleeping          |     1 |     1 |     2 |       ||     4
 Armour: Robe              |    42 |   115 |   158 |   124 ||   439
         Steam dragon scal |       |       |       |    48 ||    48
  Dodge: Dodged            |    44 |    31 |    75 |    92 ||   242
  Block: Tower shield      |       |    85 |   176 |   285 ||   546
